 Dungeon Crawl Stone Soup version 0.18.1-50-g88ac8fd (webtiles) character file.

18 Amnesiac the Ducker (level 2, 0/18 HPs)
             Began as a Deep Elf Fighter on Feb 28, 2018.
             Slain by a bat (1 damage)
             ... on level 3 of the Dungeon.
             The game lasted 00:02:21 (519 turns).

Amnesiac the Ducker (Deep Elf Fighter)               Turns: 519, Time: 00:02:22

Health: 0/18       AC:  6    Str: 13    XL:     2   Next: 48%
Magic:  4/4        EV:  7    Int: 12    God:
Gold:   51         SH:  8    Dex: 14    Spells: 0 memorised, 1 level left

rFire  . . .     SeeInvis .     o - -3 trident (curse)
rCold  . . .     Gourm    .     b - +0 scale mail
rNeg   . . .     Faith    .     c - +0 shield
rPois  .         Spirit   .     (no helmet)
rElec  .         Dismiss  .     (no cloak)
rCorr  .         Reflect  .     (no gloves)
SustAt .         Harm     .     (no boots)
MR     .....                    (no amulet)
Stlth  ..........               (no ring)
                                (no ring)

@: not resistant to hostile enchantments, extremely unstealthy
A: no striking features
a: no special abilities


You were on level 3 of the Dungeon.
You were not hungry.

You visited 1 branch of the dungeon, and saw 4 of its levels.

You collected 51 gold pieces.

Inventory:

Hand Weapons
 a - a +1 rapier
 o - a cursed -3 trident (weapon)
Missiles
 e - 12 stones (quivered)
Armour
 b - a +0 scale mail (worn)
 c - a +0 shield (worn)
Scrolls
 m - a scroll of magic mapping {!r}
Potions
 d - a potion of might {!q}
 i - a potion of magic {!q}
Books
 k - a Fen Folio

   Spells                             Type                      Level
   a - Corpse Rot                     Necromancy                   2
   b - Stone Arrow                    Conjuration/Earth            3
   c - Leda's Liquefaction            Hexes/Earth                  4
   d - Summon Forest                  Summoning/Translocation      5
   e - Hydra Form                     Transmutation                6
   f - Summon Hydra                   Summoning                    7
Comestibles
 f - 2 bread rations
 j - a meat ration


   Skills:
 * Level 2.4 Fighting
 - Level 2.0 Short Blades
 * Level 2.4 Armour
 + Level 2.6 Dodging
 * Level 2.4 Shields


You had one spell level left.
You didn't know any spells.

Dungeon Overview and Level Annotations

Branches:
Dungeon (4/15)
 Temple: D:4-7

Altars:
Fedhas
Vehumet


Message History

Unknown command.
The bat hits you but does no damage. You block the bat's attack.
Read which item? (? for menu, Esc to quit)
Okay, then.
Unknown command.
The bat hits you but does no damage. The bat hits you but does no damage.
The bat hits you but does no damage. The bat barely misses you.
The bat hits you but does no damage.
A goblin comes into view. It is wielding a dagger.
The bat hits you.
* * * LOW HITPOINT WARNING * * *
The bat closely misses you. The bat barely misses you.
Found a glowing whip and 8 gold pieces.
You miss the bat. The bat hits you but does no damage.
You hit the bat but do no damage. The bat hits you but does no damage.
You closely miss the bat. The bat hits you but does no damage.
You closely miss the bat. The bat completely misses you.
You hit the bat.
You kill the bat!
You barely miss the goblin. You block the goblin's attack.
The goblin closely misses you.
You miss the goblin. The goblin hits you.
* * * LOW HITPOINT WARNING * * *
Your shield and scale mail prevent you from hitting the goblin.
The goblin hits you.
* * * LOW HITPOINT WARNING * * *
Your shield and scale mail prevent you from hitting the goblin.
The goblin hits you but does no damage. You block the goblin's attack.
You closely miss the goblin. The goblin hits you.
* * * LOW HITPOINT WARNING * * *
You are too injured to fight recklessly!
You are too injured to fight recklessly!
Found 6 gold pieces.
The bat barely misses you. The bat hits you.
* * * LOW HITPOINT WARNING * * *
You block the bat's attack. The bat completely misses you.
A rat comes into view.
The bat hits you but does no damage. The bat hits you but does no damage.
The bat barely misses you.
Read which item? (? for menu, Esc to quit)
Okay, then.
Drink which item? (? for menu, Esc to quit)
Okay, then.
The bat hits you.
* * * LOW HITPOINT WARNING * * *
You miss the bat. The bat hits you but does no damage.
You block the goblin's attack. The bat hits you but does no damage.
The bat hits you but does no damage. The bat hits you but does no damage.
You block the bat's attack. You block the bat's attack.
You block the bat's attack. The bat hits you.
* * * LOW HITPOINT WARNING * * *
The goblin shouts!
The bat hits you but does no damage. The bat hits you but does no damage.
The bat hits you.
You die...

##..####........#######.####>#.#
...........$)...................
...r...$..K.....................
....###.#....##.############.#..
....###.#....##.# .. #.#..
.......r#....##.####... #.#..
.......K#....##........ #.###
........#....##.g...... #.# #
........#######@....... #.# #
####..(...rK..b.###.... #.#
........!...g#### .... #.#
#.#..........# ... ... #
##.........# .. ... #.........#
... #.........# ######
#.........# #..... #.....?......
#.####


You could see 2 goblins, a bat, a kobold and a rat.

Vanquished Creatures
  A worm (D:3)
  An orc (D:3)
  2 bats (D:3)
  A goblin (D:2)
  2 hobgoblins
  3 kobolds
  A quokka (D:3)
  A rat (D:3)
12 creatures vanquished.

Notes
Turn   | Place    | Note
--------------------------------------------------------------
     0 | D:1      | Amnesiac the Deep Elf Fighter began the quest for the Orb.
     0 | D:1      | Reached XP level 1. HP: 13/13 MP: 3/3
    70 | D:1      | Reached skill level 1 in Dodging
   196 | D:2      | Found a radiant altar of Vehumet.
   263 | D:4      | Noticed a giant frog
   272 | D:3      | Reached XP level 2. HP: 15/18 MP: 4/4
   413 | D:3      | Found a blossoming altar of Fedhas.
   519 | D:3      | Slain by a bat

Skill      XL: |  1 |
---------------+----+-----
Dodging        | 2 |  2.6
Fighting       | |  2.4
Short Blades   | |  2.0
Armour         | |  2.4
Shields        | |  2.4

Action                   || total
-------------------------++-------
Melee: Rapier            ||    64
       Trident           ||    11
  Use: Scroll            ||     5
Armor: Scale mail        ||    49
Dodge: Dodged            ||    27
Block: Shield            ||    43
